 Dungeon Crawl Stone Soup version 0.29.1-2-gbd0b4ee654 (webtiles) character file.

Game seed: 6619949469544180902

398 warriortoast the Digger (level 6, -4/32 HPs)
             Began as a Gargoyle Earth Elementalist on Nov 1, 2022.
             Slain by an iguana (10 damage)
             ... on level 4 of the Dungeon.
             The game lasted 00:07:27 (4517 turns).

warriortoast the Digger (GrEE)                      Turns: 4517, Time: 00:07:28

Health: -4/32      AC:  6    Str: 14    XL:     6   Next: 83%
Magic:  6/11       EV: 11    Int: 15    God:
Gold:   195        SH:  0    Dex: 10    Spells: 11/12 levels left

rFire   . . .      SeeInvis .   d - +0 hand axe
rCold   . . .      Faith    .   (no shield)
rNeg    + . .      Spirit   .   a - +0 robe
rPois   ∞          Reflect  .   (no helmet)
rElec   +          Harm     .   (no cloak)
rCorr   .          Rampage  .   (no gloves)
Will    .....                   (no boots)
Stlth   ++........              (no amulet)
HPRegen 0.10/turn               (no ring)
MPRegen 0.12/turn               (no ring)

@: no status effects
A: sickness immunity, AC +4, negative energy resistance 1, electricity
resistance, torment resistance 1, petrification resistance
a: no special abilities


You were on level 4 of the Dungeon.
You visited 1 branch of the dungeon, and saw 4 of its levels.

You collected 195 gold pieces.

Inventory:

Hand Weapons
 d - a +0 hand axe (weapon)
Armour
 a - a +0 robe (worn)
Jewellery
 e - a ring of resist corrosion
 k - a ring of ice
Wands
 v - a wand of flame (28)
Scrolls
 g - a scroll of enchant weapon {unknown}
 i - 2 scrolls of noise {unknown}
 j - a scroll of enchant armour {unknown}
 l - 4 scrolls of teleportation {unknown}
 o - 5 scrolls of identify {unknown}
 r - 2 scrolls of magic mapping {unknown}
 t - a scroll of brand weapon {unknown}
 x - a scroll of torment {unknown}
Potions
 b - a potion of magic
 c - 2 potions of lignification {unknown}
 f - a potion of resistance {unknown}
 h - a potion of might {unknown}
 m - a potion of berserk rage {unknown}
 n - 2 potions of invisibility {unknown}
 p - a potion of degeneration {unknown}
 q - a potion of haste {unknown}
 s - a potion of brilliance {unknown}
 u - a potion of curing {unknown}
 w - a potion of heal wounds {unknown}


   Skills:
 - Level 1.5 Dodging
 - Level 2.1 Stealth
 + Level 3.6 Spellcasting
 + Level 3.4 Conjurations
 + Level 2.7 Transmutations
 + Level 5.4 Earth Magic


You had 11 spell levels left.
You knew the following spells:

 Your Spells              Type           Power      Damage    Failure   Level
a - Sandblast             Erth           38%        2d10      1%          1

Your spell library contained the following spells:

 Spells                   Type           Power      Damage    Failure   Level
 Passwall                 Tmut/Erth      12%        N/A       5%          2
 Stone Arrow              Conj/Erth      32%        3d9       9%          3
 Petrify                  Tmut/Erth      15%        N/A       34%         4
 Lee's Rapid Deconstruct  Erth           9%         3d8*      50%         5
 Fulminant Prism          Conj/Hex       3%         3d6       67%         4
 Iskenderun's Mystic Bla  Conj/Tloc      7%         2d4       67%         4


Dungeon Overview and Level Annotations

Branches:
Dungeon (4/15)
 Temple: D:4-7

Altars:
Gozag
Uskayaw

Shops:
D:3 *

Annotations:
D:4 Eustachio


Innate Abilities, Weirdness & Mutations

You are immune to sickness and miasma.
Your stone body is resilient. (AC +4)
You are immune to poison.
You resist negative energy. (rN+)
You are resistant to electric shocks. (rElec)
You are resistant to unholy torment.
You are immune to petrification.


Message History

An endoplasm comes into view.
You can't see any susceptible monsters within range! (Use Z to cast anyway.)
You can't see any susceptible monsters within range! (Use Z to cast anyway.)
You can't see any susceptible monsters within range! (Use Z to cast anyway.)
The blast of sand hits the endoplasm.
You kill the endoplasm!
You can't see any susceptible monsters within range! (Use Z to cast anyway.)
You can't see any susceptible monsters within range! (Use Z to cast anyway.)
You can't see any susceptible monsters within range! (Use Z to cast anyway.)
Found a leather armour.
An iguana comes into view.
There is a stone staircase leading down here.
An iguana is nearby!
You can't see any susceptible monsters within range! (Use Z to cast anyway.)
The blast of sand hits the iguana but does no damage.
The blast of sand hits the iguana.
The iguana is lightly wounded.
The blast of sand hits the iguana.
The iguana is moderately wounded.
The iguana barely misses you.
The blast of sand hits the iguana.
The iguana is heavily wounded.
The iguana barely misses you. The iguana bites you!
The blast of sand hits the iguana!
The iguana is almost dead.
The iguana bites you!
You are too injured to fight recklessly!
You are too injured to fight recklessly!
You are too injured to fight recklessly!
Casting: Sandblast (safe; 1% risk of failure)
Confirm with . or Enter, or press ? or * to list all spells.
Aiming: Sandblast (safe; 1% risk of failure)
Press: ? - help, Shift-Dir - straight line, f/p - iguana
Aim: an iguana (almost dead, 84% to hit)
The blast of sand hits the iguana but does no damage.
The iguana is almost dead.
The iguana bites you!
* * * LOW HITPOINT WARNING * * *
The iguana bites you!
You die...

### .[ . .# .. ##### ##.##.#
..... ########## #....#
#........# #.####..##.###.#######
#.######.# #...l@......#........#
#.## #.# #####.>#####..........
.#.### #.# #..# #.#####.# ###..#
#.# #..# #.# .#.#.###.##### #..#
#.# .............###..# #.#####..
..#########...##..#######[.......
###..##.((##...........#########.
#...##.#(#(#......####.#########.


You could see an iguana.

Vanquished Creatures
  A scorpion (D:4)
  An orc priest (D:2)
  An iguana (D:4)
  Natasha (thrice) (D:3)
  2 orc wizards
  A gnoll (D:1)
  6 adders
  A worm (D:3)
  2 dart slugs
  12 orcs
  10 ball pythons
  2 bats
  10 endoplasms
  A goblin (D:1)
  5 hobgoblins
  14 jackals
  A quokka (D:2)
  4 frilled lizards (D:2)
  2 kobolds
  3 rats
82 creatures vanquished.

Notes
Turn   | Place    | Note
-------+----------+-------------------------------------------
     0 | D:1      | warriortoast the Gargoyle Earth Elementalist began the
                  | quest for the Orb.
     0 | D:1      | Reached XP level 1. HP: 10/10 MP: 3/3
   262 | D:1      | Reached skill level 1 in Transmutations
   291 | D:1      | Reached XP level 2. HP: 15/15 MP: 1/5
   633 | D:1      | Reached skill level 1 in Conjurations
   633 | D:1      | Reached skill level 4 in Earth Magic
   779 | D:1      | Reached XP level 3. HP: 19/19 MP: 3/6
  1537 | D:2      | Reached XP level 4. HP: 17/24 MP: 2/7
  1956 | D:2      | Found a faded altar of an unknown god.
  2395 | D:2      | Reached XP level 5. HP: 28/28 MP: 7/9
  2908 | D:3      | Found Gozag's Platinum Reserve.
  2914 | D:3      | Found an opulent altar of Gozag.
  3106 | D:3      | Noticed Natasha
  3111 | D:3      | Killed Natasha
  3112 | D:3      | Reached skill level 5 in Earth Magic
  3336 | D:3      | Reached XP level 6. HP: 32/32 MP: 7/10
  3433 | D:3      | Noticed Natasha
  3438 | D:3      | Killed Natasha
  3569 | D:3      | Noticed Natasha
  3574 | D:3      | Killed Natasha
  3951 | D:4      | Noticed Eustachio
  3961 | D:4      | Identified the +8 whip of the End {drain, rPois rF+ Int+2}
  4392 | D:4      | Noticed a +0 short sword
  4392 | D:4      | Noticed a +0 short sword
  4392 | D:4      | Noticed a +0 dagger
  4392 | D:4      | Noticed a +0 dagger
  4393 | D:4      | Noticed a +0 falchion
  4393 | D:4      | Noticed a +0 spear
  4397 | D:4      | Noticed a +0 spear
  4400 | D:4      | Noticed a +0 falchion
  4411 | D:4      | Found a hide-covered altar of Uskayaw.
  4517 | D:4      | Slain by an iguana

Illustrated notes

Levels and vault maps discovered:
D:1:      dpeg_arrival_arbitrary_c, layout_loops_ring,
          dreamdust_princess_bridge, hangedman_decor_opposing
D:2:      layout_basic, shapermc_ecumenical_altar_starsandcircs
D:3:      layout_basic, nicolae_gozag_zags_fifth_avenue, uniq_natasha
D:4:      layout_loops_ring, nicolae_uskayaw_en_pointe,
          small_statue_intersection, grunt_ministairs_10, uniq_eustachio

Skill      XL: |  1  2  3  4  5  6 |
---------------+-------------------+-----
Transmutations | 1 2 |  2.7
Conjurations   | 1 2 3 |  3.4
Earth Magic    | 4 5 |  5.4
Spellcasting   | 3 |  3.6
Dodging        | |  1.5
Stealth        | |  2.1

Action                   |  1- 3 |  4- 6 || total
-------------------------+-------+-------++-------
Melee: Hand axe          |     5 |       ||     5
 Cast: Sandblast         |    34 |   116 ||   150
Armor: Robe              |    16 |    16 ||    32
Dodge: Dodged            |    23 |    36 ||    59
